 Dungeon Crawl Stone Soup version 0.24.0-123-gd5b16e6ec5 (webtiles) character file.

Game seed: 17214492856721216383, levelgen mode: deterministic

1567 FishyPogo the Skirmisher (level 8, -2/68 HPs)
             Began as a Demonspawn Gladiator on Dec 19, 2019.
             Was an Elder of Lugonu.
             Slain by Menkaure (19 damage)
             ... on level 6 of the Dungeon.
             The game lasted 00:10:07 (3773 turns).

FishyPogo the Skirmisher (Demonspawn Gladiator)     Turns: 3773, Time: 00:10:08

Health: -2/68      AC:  8    Str: 16    XL:     8   Next: 59%
Magic:  17/17      EV: 17    Int: 10    God:    Lugonu [****..]
Gold:   246        SH:  0    Dex: 18    Spells: 7/7 levels left

rFire    . . .     SeeInvis .   a - +0 long sword
rCold    . . .     Gourm    .   (no shield)
rNeg     + . .     Faith    .   B - +1 robe {rN+}
rPois    .         Spirit   .   c - +0 helmet
rElec    .         Reflect  .   y - +0 cloak
rCorr    .         Harm     .   (no gloves)
MR       .....                  (no boots)
Stlth    ++++......             v - amulet of magic regeneration
HPRegen  0.21/turn              w - ring of the Octopus King {MP+9 AC+1 EV+1 Str+1 Int+1 Dex+1}
MPRegen  0.40/turn              (no ring)

@: no status effects
A: molten scales 1, nightstalker 1, spiny 1
a: Depart the Abyss, Bend Space, Banish, Corrupt, Renounce Religion


You were on level 6 of the Dungeon.
You worshipped Lugonu.
Lugonu was greatly pleased with you.
You were full.

You visited 1 branch of the dungeon, and saw 6 of its levels.

You collected 246 gold pieces.

Inventory:

Hand Weapons
 a - a +0 long sword (weapon)
Missiles
 d - 3 throwing nets
 h - 195 stones (quivered)
 i - 58 poisoned darts
 o - 2 boomerangs
Armour
 c - a +0 helmet (worn)
 y - a +0 cloak (worn)
 B - a +1 robe of positive energy (worn)
Jewellery
 e - an uncursed amulet of the gourmand
 v - an amulet of magic regeneration (around neck)
 w - a ring of the Octopus King (left hand) {MP+9 AC+1 EV+1 Str+1 Int+1 Dex+1}
   (You found it on level 4 of the Dungeon)

   [ring of magical power]

   It affects your AC (+1).
   It affects your evasion (+1).
   It affects your strength (+1).
   It affects your intelligence (+1).
   It affects your dexterity (+1).
   It affects your magic capacity (+9).
Wands
 g - a wand of polymorph (8)
 q - a wand of random effects (9)
Scrolls
 j - 6 scrolls of identify {unknown}
 k - 4 scrolls of teleportation {unknown}
 l - 3 scrolls of remove curse {unknown}
 m - 2 scrolls of enchant weapon {unknown}
 n - 2 scrolls of noise
 p - a scroll of magic mapping
 A - a scroll of fear {unknown}
 C - a scroll of amnesia {unknown}
 E - 3 scrolls of immolation {unknown}
 G - a scroll of fog {unknown}
Potions
 r - a potion of haste {unknown}
 s - a potion of might {unknown}
 t - 3 potions of curing
 x - a potion of brilliance {unknown}
 z - 2 potions of lignification {unknown}
 D - 2 potions of heal wounds {unknown}
Comestibles
 f - 13 rations
 u - 9 chunks of flesh


   Skills:
 * Level 7.9 Fighting
 - Level 3.0 Long Blades
 - Level 2.0 Throwing
 + Level 5.5 Dodging
 + Level 5.1 Stealth


You had 7 spell levels left.
You didn't know any spells.
Your spell library was empty.

Dungeon Overview and Level Annotations

Branches:
Dungeon (6/15)             Temple (0/1) D:5

Altars:
Cheibriados
Fedhas
Hepliaklqana
Nemelex Xobeh
Yredelemnul
Lugonu

Annotations:
D:6 Menkaure


Innate Abilities, Weirdness & Mutations

You are partially covered in molten scales. (AC +2)
You are slightly more attuned to the shadows.
You are partially covered in sharp spines.


Message History

The bullfrog zombie closely misses you.
Menkaure whispers a few words.
Menkaure calls on the powers of darkness!
Your body is wracked with pain!
* * * LOW HITPOINT WARNING * * *
The bullfrog croaks.
You slash the bullfrog zombie!
The bullfrog zombie is almost destroyed.
The bullfrog zombie is struck by your spines.
The bullfrog zombie closely misses you.
Menkaure casts a spell.
Menkaure seems to speed up.
The bullfrog zombie is struck by your spines.
You destroy the bullfrog zombie!
Lugonu accepts your kill. Menkaure is struck by your spines.
Menkaure closely misses you.
You hit Menkaure but do no damage.
Menkaure is lightly damaged.
Menkaure hits you!!
You die...

,,,*,,,..)######.......,,,,******
,,,*,#................>*,,,,,,,,,
,,,,,....#......<.#,.#,,,,,,,****
,,,**#............#..#,,,,*,,,,,,
,,,**#.#..#....>..#..#*,*,,,,,,,,
,,,,,,.≈#.#..F.......,,,,**,,,,,,
≈≈,≈≈*#.#....)....##..,,,******,,
≈≈,≈≈##.#<.).÷...M##...*,,* *,,
,,≈..≈≈..)......@......,,,* ***,,
,,,..≈≈...........#....,,,***,,,*
,,∩..≈≈........####....,,,,,,,***
,,,..≈≈.#.)...## *,,,,,,,*****
,,,..≈≈.......#* *,,,,,,,*
≈≈≈≈≈##........# *,,,,,,,*
≈≈≈≈≈*#........# *,,,,,,,*
,,,,,,.........#***,,,,,,,*
*****##........#,,,,,,,,,,*


You could see Menkaure and a bullfrog.

Vanquished Creatures
  Pikel (D:5)
  Grinder (D:6)
  Sigmund (D:4)
  4 slaves (D:5)
  2 scorpions
  2 crimson imps
  A bullfrog zombie (D:6)
  Crazy Yiuf (D:4)
  2 orc priests
  2 hounds
  An orc wizard (D:3)
  Terence (D:2)
  3 iguanas
  A worker ant (D:4)
  Robin (D:2)
  7 gnolls
  8 adders
  A river rat (D:6)
  A shadow imp (D:5)
  An ooze (D:1)
  An adder skeleton (D:6)
  2 worms
  A dart slug (D:1)
  A leopard gecko (D:4)
  13 orcs
  2 giant cockroaches
  16 goblins
  8 hobgoblins
  4 jackals
  A quokka (D:5)
  3 ball pythons
  7 bats
  9 frilled lizards
  2 kobolds
  A leopard gecko zombie (D:6)
  7 rats
120 creatures vanquished.

Vanquished Creatures (others)
  An orc wizard (D:5)
  An orc (D:5)
2 creatures vanquished.

Grand Total: 122 creatures vanquished

Notes
Turn   | Place    | Note
-------+----------+-------------------------------------------
     0 | D:1      | FishyPogo the Demonspawn Gladiator began the quest for the
                  | Orb.
     0 | D:1      | Reached XP level 1. HP: 16/16 MP: 1/1
   150 | D:1      | Gained mutation: You are slightly more attuned to the
                  | shadows. [demonic ancestry]
   150 | D:1      | Reached XP level 2. HP: 12/22 MP: 2/2
   482 | D:2      | Reached XP level 3. HP: 28/28 MP: 3/3
   512 | D:2      | Found a faded altar of an unknown god.
   550 | D:2      | Became a worshipper of Lugonu the Unformed
   550 | D:2      | Reached * piety under Lugonu
   550 | D:2      | Reached ** piety under Lugonu
   702 | D:2      | Noticed Terence
   714 | D:2      | Killed Terence
   714 | D:2      | Reached skill level 3 in Fighting
   714 | D:2      | Reached skill level 1 in Stealth
   735 | D:2      | Reached XP level 4. HP: 12/35 MP: 4/4
  1262 | D:2      | Noticed Robin
  1278 | D:2      | Killed Robin
  1524 | D:3      | Reached XP level 5. HP: 36/42 MP: 5/5
  1526 | D:3      | Reached skill level 4 in Fighting
  1590 | D:3      | Reached *** piety under Lugonu
  2381 | D:4      | Reached XP level 6. HP: 33/49 MP: 6/6
  2638 | D:4      | Found the ring of the Octopus King
  2642 | D:4      | Got a ring of the Octopus King
  2643 | D:4      | Identified a ring of the Octopus King {MP+9 AC+1 EV+1 Str+1
                  | Int+1 Dex+1} (You found it on level 4 of the Dungeon)
  2836 | D:4      | Reached skill level 5 in Fighting
  2918 | D:4      | Noticed Sigmund
  2928 | D:4      | Killed Sigmund
  2928 | D:4      | Gained mutation: You are partially covered in sharp spines.
                  | [demonic ancestry]
  2928 | D:4      | Reached XP level 7. HP: 37/56 MP: 7/7
  2939 | D:4      | Found a hazy altar of Hepliaklqana.
  2943 | D:4      | Found a sparkling altar of Nemelex Xobeh.
  2945 | D:4      | Found a snail-covered altar of Cheibriados.
  2947 | D:4      | Found a basalt altar of Yredelemnul.
  2950 | D:4      | Found a blossoming altar of Fedhas.
  3134 | D:4      | Found a runed translucent door.
  3135 | D:4      | Noticed Crazy Yiuf
  3143 | D:4      | Killed Crazy Yiuf
  3175 | D:5      | Entered Level 5 of the Dungeon
  3203 | D:5      | Noticed Pikel
  3216 | D:5      | Killed Pikel
  3216 | D:5      | Reached skill level 6 in Fighting
  3216 | D:5      | Reached skill level 5 in Dodging
  3216 | D:5      | Gained mutation: You are partially covered in molten
                  | scales. (AC +2) [demonic ancestry]
  3216 | D:5      | Reached XP level 8. HP: 31/65 MP: 8/8
  3234 | D:5      | Reached skill level 7 in Fighting
  3290 | D:5      | Found a staircase to the Ecumenical Temple.
  3714 | D:6      | Reached **** piety under Lugonu
  3721 | D:6      | Noticed Grinder
  3735 | D:6      | Killed Grinder
  3741 | D:6      | Reached skill level 5 in Stealth
  3766 | D:6      | Noticed Menkaure
  3773 | D:6      | Slain by Menkaure

Levels and vault maps discovered:
D:1:      dpeg_arrival_refuge, layout_basic
D:2:      layout_basic, chequers_ecumenical_altar_grove, first_ration,
          minmay_liquid_box, minmay_pentomino_o4, uniq_terence, uniq_robin
D:3:      layout_basic, minmay_misc_feat_chi, minmay_misc_feat_x
D:4:      minmay_wonky_spiral, layout_gridville,
          chequers_temple_overflow_minitemple, uniq_crazy_yiuf_cottage,
          uniq_sigmund
D:5:      layout_basic, minmay_temple_entry_antechambers, uniq_pikel
D:6:      layout_rooms, zin_statuary, cheibrodos_sewer_entry_sluice,
          uniq_grinder, uniq_menkaure, uniq_eustachio

Skill      XL: |  1  2  3  4  5  6  7  8 |
---------------+-------------------------+-----
Throwing       | 2 |  2.0
Long Blades    | 3 |  3.0
Fighting       | 3 4 5 6 7 |  7.9
Dodging        | 3 4 5 |  5.5
Stealth        | 1 2 3 4 5 |  5.1

Action                   |  1- 3 |  4- 6 |  7- 9 || total
-------------------------+-------+-------+-------++-------
Melee: Long sword        |    63 |   189 |   100 ||   352
Throw: Stone             |       |    10 |     4 ||    14
       Throwing net      |       |     1 |       ||     1
  Use: Potion            |       |     2 |       ||     2
       Scroll            |       |       |     3 ||     3
 Stab: Sleeping          |     6 |     5 |     8 ||    19
  Eat: Chunk             |    12 |     6 |       ||    18
Armor: Leather armour    |    16 |    47 |     3 ||    66
       Robe              |       |       |    10 ||    10
Dodge: Dodged            |    55 |   128 |    85 ||   268
       Rpst.: Long sword |    14 |    53 |    24 ||    91
